Workbook

Sheet FN - diasp
C2: CASH-FLOW
B3: Nr. crt. | C3: Explicaţii / an | D3: AN 2019 | E3: AN 2020 | F3: AN 2021
B4: I | C4: Sold iniţial disponibil (casă şi bancă) | D4: 1000 | E4: =D31 -> 14801.634 | F4: =E31 -> 42690.421
B5: A | C5: Intrări de lichidităţi (1+2+3+4) | D5: =SUM(D6:D9) -> 388340 | E5: =SUM(E6:E9) -> 302000 | F5: =SUM(F6:F9) -> 376000
B6: 1 | C6: din vânzări | D6: =venituri!O10 -> 210000 | E6: =venituri!P10 -> 302000 | F6: =venituri!Q10 -> 376000
B7: 2 | C7: din credite primite
B8: 3 | C8: alte intrări de numerar (aport propriu, etc.)
B9: 4 | C9: Alocaţie Financiară nerambursabilă | D9: =investitia!C65 -> 178340
C10: Total disponibil (I+A) | D10: =D4+D5 -> 389340 | E10: =E4+E5 -> 316801.63 | F10: =F4+F5 -> 418690.42
B11: B | C11: Utilizari numerar din exploatare | D11: =SUM(D12:D19) -> 230848.97 | E11: =SUM(E12:E19) -> 274111.21 | F11: =SUM(F12:F19) -> 294051.21
B12: 1 | C12: Cheltuieli cu materii prime şi materiale consumabile aferente activităţii desfaşurate | D12: ='SCV - diasp'!C8 -> 70000 | E12: ='SCV - diasp'!D8 -> 97600 | F12: ='SCV - diasp'!E8 -> 116800
B13: 2 | C13: Salarii (inclusiv cheltuielile aferente) | D13: ='SCV - diasp'!C9 -> 84000 | E13: ='SCV - diasp'!D9 -> 96000 | F13: ='SCV - diasp'!E9 -> 96000
B14: 3 | C14: Chirii | D14: ='SCV - diasp'!C12 -> 12690 | E14: ='SCV - diasp'!D12 -> 16920 | F14: ='SCV - diasp'!E12 -> 16920
B15: 4 | C15: Utilităţi | D15: ='SCV - diasp'!C13 -> 17100 | E15: ='SCV - diasp'!D13 -> 22800 | F15: ='SCV - diasp'!E13 -> 22800
B16: 5 | C16: Costuri funcţionare birou, Cheltuieli de marketing, Servicii cu terţii, Reparaţii/Întreţinere | D16: ='SCV - diasp'!C14 -> 11850 | E16: ='SCV - diasp'!D14 -> 6800 | F16: ='SCV - diasp'!E14 -> 6800
B17: 6 | C17: Asigurări | D17: ='SCV - diasp'!C15 -> 1500 | E17: ='SCV - diasp'!D15 -> 1500 | F17: ='SCV - diasp'!E15 -> 1500
B18: 7 | C18: Impozite, taxe şi vărsăminte asimilate | D18: ='SCV - diasp'!C16 -> 2100 | E18: ='SCV - diasp'!D16 -> 3020 | F18: ='SCV - diasp'!E16 -> 3760
B19: 8 | C19: Alte cheltuieli | D19: ='SCV - diasp'!C17 -> 31608.966 | E19: ='SCV - diasp'!D17 -> 29471.213 | F19: ='SCV - diasp'!E17 -> 29471.213
B20: C | C20: Cheltuieli pentru investiţii (Valoarea totală a proiectului) | D20: =investitia!C56+investitia!C57 -> 143689.4 | E20: 0 | F20: 0
B21: D | C21: Credite
C22: rambursări rate de credit scadente
C23: dobânzi şi comisioane
B24: E | C24: Plăţi/încasări pentru impozite şi taxe (1-2+3)
B25: 1 | C25: Plăţi TVA
B26: 2 | C26: Rambursări TVA
B27: 3 | C27: Impozit pe profit/cifră de afaceri
B28: F | C28: Dividende
B29: G | C29: Total utilizări numerar (B+C+D+E+F) | D29: =D11+D20+D21+D24+D28 -> 374538.37 | E29: =E11+E20+E21+E24+E28 -> 274111.21 | F29: =F11+F20+F21+F24+F28 -> 294051.21
B30: H | C30: Flux net de lichidităţi (A-G) | D30: =D5-D29 -> 13801.634 | E30: =E5-E29 -> 27888.787 | F30: =F5-F29 -> 81948.787
B31: II | C31: Sold final disponibil (I+H) | D31: =D30+D4 -> 14801.634 | E31: =E30+E4 -> 42690.421 | F31: =F30+F4 -> 124639.21

Sheet SCV - diasp
A2: CONTUL DE PROFIT ȘI PIERDERE PRESCURTAT
C3: AN 2019 | D3: AN 2020 | E3: AN 2021
A4: 1 | B4: 1. Cifra de afaceri netă
A5: 2 | B5: VENITURI DIN EXPLOATARE | C5: =venituri!O10 -> 210000 | D5: =venituri!P10 -> 302000 | E5: =venituri!Q10 -> 376000
A6: 3 | B6: Alte venituri din exploatare | C6: 0 | D6: 0 | E6: 0
A7: 4 | B7: VENITURI DIN EXPLOATARE – TOTAL rd.2+3 | C7: =SUM(C5:C6) -> 210000 | D7: =SUM(D5:D6) -> 302000 | E7: =SUM(E5:E6) -> 376000
A8: 5 | B8: Cheltuieli cu materii prime/marfuri şi materiale consumabile aferente activităţii desfaşurate | C8: =cheltuieli!N5+cheltuieli!N6 -> 70000 | D8: =cheltuieli!O5+cheltuieli!O6 -> 97600 | E8: =cheltuieli!P5+cheltuieli!P6 -> 116800
A9: 6 | B9: Salarii (inclusiv cheltuielile aferente) | C9: =cheltuieli!N7 -> 84000 | D9: =cheltuieli!O7 -> 96000 | E9: =cheltuieli!P7 -> 96000
B10: Salarii nete | C10: =C9*57.2% -> 48048 | D10: =D9*57.2% -> 54912 | E10: =E9*57.2% -> 54912
B11: Cheltuieli cu salariile | C11: =C9*42.8% -> 35952 | D11: =D9*42.8% -> 41088 | E11: =E9*42.8% -> 41088
A12: 7 | B12: Chirii | C12: =cheltuieli!N20 -> 12690 | D12: =cheltuieli!O20 -> 16920 | E12: =cheltuieli!P20 -> 16920
A13: 8 | B13: Utilităţi si cheltuieli de transport | C13: =cheltuieli!N8+cheltuieli!N10 -> 17100 | D13: =cheltuieli!O8+cheltuieli!O10 -> 22800 | E13: =cheltuieli!P8+cheltuieli!P10 -> 22800
A14: 9 | B14: Costuri funcţionare birou, Cheltuieli de marketing, Reparaţii/Întreţinere | C14: =cheltuieli!N14+cheltuieli!N17 -> 11850 | D14: =cheltuieli!O14+cheltuieli!O17 -> 6800 | E14: =cheltuieli!P14+cheltuieli!P17 -> 6800
A15: 10 | B15: Asigurări | C15: =cheltuieli!N19 -> 1500 | D15: =cheltuieli!O19 -> 1500 | E15: =cheltuieli!P19 -> 1500
A16: 11 | B16: Impozite, taxe şi vărsăminte asimilate, Impozitul pe profit | C16: =1%*C7 -> 2100 | D16: =1%*D7 -> 3020 | E16: =1%*E7 -> 3760
A17: 12 | B17: Alte cheltuieli ( amortizare si ch cu ob de inventar) | C17: =cheltuieli!J19+cheltuieli!J23+cheltuieli!N22 -> 31608.966 | D17: =cheltuieli!K19+cheltuieli!K23+cheltuieli!O22 -> 29471.213 | E17: =cheltuieli!L19+cheltuieli!L23+cheltuieli!P22 -> 29471.213
A18: 13 | B18: TOTAL CHELTUIELI( RD.5-12) | C18: =C8+C9+C12+C13+C14+C15+C16+C17 -> 230848.97 | D18: =D8+D9+D12+D13+D14+D15+D16+D17 -> 274111.21 | E18: =E8+E9+E12+E13+E14+E15+E16+E17 -> 294051.21
A19: 14 | B19: PROFITUL SAU PIERDEREA DIN EXPLOATARE:
A20: 15 | B20: Profit ( RD.4-13) | C20: =C7-C18 -> -20848.966 | D20: =D7-D18 -> 27888.787 | E20: =E7-E18 -> 81948.787 | H20: An 2019 | I20: An 2020 | J20: An 2021
A21: 16 | B21: Pierdere (RD.13-4) | G21: Venituri Totale | H21: =C7 -> 210000 | I21: =D7 -> 302000 | J21: =E7 -> 376000
A22: 17 | B22: VENITURI FINANCIARE – TOTAL | C22: 0 | G22: Cheltuieli Totale | H22: =C18 -> 230848.97 | I22: =D18 -> 274111.21 | J22: =E18 -> 294051.21
A23: 18 | B23: CHELTUIELI FINANCIARE - TOTAL | C23: 0 | G23: Profit/Pierdere | H23: =H21-H22 -> -20848.966 | I23: =I21-I22 -> 27888.787 | J23: =J21-J22 -> 81948.787
A24: 19 | B24: PROFITUL SAU PIERDEREA FINANCIAR(Ă) (RD,17-18) | C24: =C22-C23 -> 0 | D24: =D22-D23 -> 0 | E24: =E22-E23 -> 0
A25: 20 | B25: VENITURI TOTALE (RD.4+17) | C25: =C22+C7 -> 210000 | D25: =D22+D7 -> 302000 | E25: =E22+E7 -> 376000 | H25: An 2018 | I25: An 2019 | J25: An 2020
A26: 21 | B26: CHELTUIELI TOTALE (RD,13+18) | C26: =C18+C23 -> 230848.97 | D26: =D18+D23 -> 274111.21 | E26: =E18+E23 -> 294051.21 | G26: marja de profit | H26: =H23/H21 -> -0.099280788 | I26: =I23/I21 -> 0.092346976 | J26: =J23/J21 -> 0.2179489
A27: 22 | B27: 18. PROFITUL SAU PIERDEREA BRUT(Ă):
A28: 23 | B28: Profit ( Rd,20-21) | C28: =C25-C26 -> -20848.966 | D28: =D25-D26 -> 27888.787 | E28: =E25-E26 -> 81948.787
A29: 24 | B29: Pierdere (rd.21-20)
B32: Se completeaza in LEI FARA ZECIMALE
B33: UNDE NU SUNT COSTURI VA RUGAM SA INTRODUCETI 0
B34: NU SE COMPLTEAZA pentru ca se fac calcule automat

Sheet buget grant
B2: Nr. Crt. | C2: Element de investiţie/ Cheltuieli operationale | D2: Număr unitati | E2: Valoare per Unitate RON | F2: Total -RON | G2: Cheltuieli prevazute a fi realizate in transa 1 | H2: Cheltuieli prevazute a fi realizate in transa 2
B3: 1. Cheltuieli cu salariile personalului nou angajat
B4: 1.1 | C4: Cheltuieli salariale | F4: ='an 1'!P6 -> 39298 | I4: Nota: in anul0 ( implementare) al doilea contract de munca se deruleaza pe 9 luni conf . strategiei de personal PA cap 4.
B5: 1.2 | C5: Onorarii/venituri asimilate salariilor pentru experti proprii/cooptati - salariul net | F5: ='an 1'!P12 -> 0
B6: 1.3 | C6: Contributii sociale aferente cheltuielilor salariale si cheltuielilor asimilate acestora (contributii angajati si angajatori) | F6: ='an 1'!P15 -> 28732
C7: TOTAL Cheltuieli cu salariile personalului nou angajat | F7: =F4+F5+F6 -> 68030 | G7: =G4+G5+G6 -> 0 | H7: =H4+H5+H6 -> 0
B8: 2. Cheltuieli cu deplasarea personalului intreprinderilor nou-infiintate
B9: 2.1 | C9: Cheltuieli pentru cazare
B10: 2.2 | C10: Cheltuieli cu diurna personalului propriu
B11: 2.3 | C11: Cheltuieli pentru transportul persoanelor (inclusiv transportul efectuat cu mijloacele de transport in comun sau taxi, gara, autogara sau port si locul delegarii ori locul de cazare, precum si transportul efectuat pe distanta dintre locul de cazare si locul delegarii) | F11: ='an 1'!P31 -> 4000
B12: 2.4 | C12: Taxe si asigurari de calatorie si asigurari medicale aferente deplasarii
C13: TOTAL Cheltuieli cu deplasarea personalului intreprinderilor nou-infiintate | F13: =F9+F10+F11+F12 -> 4000 | G13: =G9+G10+G11+G12 -> 0 | H13: =H9+H10+H11+H12 -> 0
B14: 3. Cheltuieli aferente diverselor achizitii de servicii specializate, pentru care beneficiarul ajutorului de minimis nu are expertiza necesara
B15: 3.1 | C15: Cheltuieli juridice de infiintare firma - mai putin Capitalul social | D15: 1 | F15: ='an 1'!P39 -> 1000
B16: 3.2. | C16: Cheltuieli cu documentatia de avizare a functionarii firme si cu autorizarea | D16: 1
B17: 3.3. | C17: Cheltuieli cu securizarea spatiului de lucru | D17: 1 | F17: ='an 1'!P40 -> 4000
B18: 3.4. | C18: Cheltuieli cu serviciile de contabilitate | D18: 1 | F18: ='an 1'!P38 -> 3600
C19: TOTAL Cheltuieli aferente diverselor achizitii de servicii specializate, pentru care beneficiarul ajutorului de minimis nu are expertiza necesara | D19: 4 | F19: =F15+F16+F17+F18 -> 8600 | G19: =G15+G16+G17+G18 -> 0 | H19: =H15+H16+H17+H18 -> 0
B20: 4. Cheltuieli cu achizitia de active fixe corporale (altele decat terenuri si imobile), obiecte de inventar, materii prime si materiale, inclusiv materiale consumabile, alte cheltuieli pentru investitii necesare functionarii intreprinderilor
B21: 4.1 | C21: Masini si echipamente de Productie/ Prestari servicii | D21: 7 | F21: ='an 1'!P44+'an 1'!P45 -> 122854 | I21: Nota: Buget detaliat al investitiei
B22: 4.2. | C22: Echipamente IT | F22: ='an 1'!P46 -> 4000
B23: 4.3. | C23: Mobilier | F23: 0
B24: 4.4. | C24: Investitia - Active necorporale programe | F24: 0
B25: 4.5. | C25: Obiecte de inventar ( valoare achizitie <2500 lei TVA inclus) | F25: ='an 1'!P49 -> 6700
B26: 4.6. | C26: Amanenajari spatii de Productie /Prestari servicii/Comert | F26: 0 | I26: 28000 | J26: 7000
B27: 4.7. | C27: Materii prime anul 1 | F27: ='an 1'!P47 -> 28500
B28: 4.8. | C28: Materiale si accesorii anul 1 | F28: ='an 1'!P49 -> 6700
B29: 4 | C29: TOTAL Cheltuieli cu achizitia de active fixe corporale (altele decat terenuri si imobile), obiecte de inventar, materii prime si materiale, inclusiv materiale consumabile, alte cheltuieli pentru investitii necesare functionarii intreprinderilor | F29: =SUM(F21:F28) -> 168754 | G29: =SUM(G21:G28) -> 0 | H29: =SUM(H21:H28) -> 0
B30: 5. Cheltuieli cu inchirierea de sedii (inclusiv depozite), spatii pentru desfasurarea diverselor activitati ale intreprinderii, echipamente, vehicule, diverse bunuri mobile si imobile)
B31: 5.1 | C31: Cheltuieli cu chiria sediu social/punctului de lucru | D31: 1750 | F31: ='an 1'!P52+'an 1'!P53 -> 10505
C32: TOTAL Cheltuieli cu inchirierea de sedii (inclusiv depozite), spatii pentru desfasurarea diverselor activitati ale intreprinderii, echipamente, vehicule, diverse bunuri mobile si imobile) | F32: =F31 -> 10505 | G32: =G31 -> 0 | H32: =H31 -> 0
B33: 6. Cheltuieli de leasing fara achizitie (leasing operational) aferente functionarii intreprinderilor (rate de leasing operational platite de intreprinderea pentru: echipamente, vehicule, diverse bunuri mobile si imobile)
B34: 6.1 | C34: Descriere cheltuială …………….
B35: 6.2 | C35: Descriere cheltuială …………….
C36: TOTAL Cheltuieli de leasing fara achizitie (leasing operational) aferente functionarii intreprinderilor (rate de leasing operational platite de intreprinderea pentru: echipamente, vehicule, diverse bunuri mobile si imobile) | F36: =F34+F35 -> 0 | G36: =G34+G35 -> 0 | H36: =H34+H35 -> 0
B37: 7. Utilitati aferente functionarii intreprinderilor
B38: 7.1 | C38: Cheltuieli cu utilitati anul 0 | F38: 3600
B39: 7.2 | C39: Descriere cheltuială …………….
C40: TOTAL Utilitati aferente functionarii intreprinderilor | F40: =F38+F39 -> 3600 | G40: =G38+G39 -> 0 | H40: =H38+H39 -> 0
B41: 8. Servicii de administrare a cladirilor aferente functionarii intreprinderilor
B42: 8.1 | C42: Descriere cheltuială …………….
B43: 8.2 | C43: Descriere cheltuială …………….
C44: TOTAL Servicii de administrare a cladirilor aferente functionarii intreprinderilor | F44: =F42+F43 -> 0 | G44: =G42+G43 -> 0 | H44: =H42+H43 -> 0
B45: 9. Servicii de intretinere si reparare de echipamente si mijloace de transport aferente functionarii intreprinderilor
B46: 9.1 | C46: Descriere cheltuială …………….
B47: 9.2 | C47: Descriere cheltuială …………….
C48: TOTAL Servicii de intretinere si reparare de echipamente si mijloace de transport aferente functionarii intreprinderilor | F48: 0 | G48: 0 | H48: 0
B49: 10. Arhivare de documente aferente functionarii intreprinderilor
B50: 10.1 | C50: Descriere cheltuială …………….
B51: 10.2 | C51: Descriere cheltuială …………….
C52: TOTAL Arhivare de documente aferente functionarii intreprinderilor | F52: =F50+F51 -> 0 | G52: =G50+G51 -> 0 | H52: =H50+H51 -> 0
B53: 11. Amortizare de active aferente functionarii intreprinderilor
B54: 11.1 | C54: Amorizare investitie | F54: ='an 1'!P79 -> 22408.966
C55: TOTAL Amortizare de active aferente functionarii intreprinderilor | F55: =F54 -> 22408.966 | G55: =G54 -> 0 | H55: =H54 -> 0
B56: 12. Cheltuieli financiare si juridice (notariale) aferente functionarii intreprinderilor
B57: 12.1 | C57: Descriere cheltuială …………….
B58: 12.2 | C58: Descriere cheltuială …………….
C59: TOTAL Cheltuieli financiare si juridice (notariale) aferente functionarii intreprinderilor | F59: =F57+F58 -> 0 | G59: =G57+G58 -> 0 | H59: =H57+H58 -> 0
B60: 13. Conectare la retele informatice aferente functionarii intreprinderilor
B61: 13.1 | C61: Descriere cheltuială …………….
B62: 13.2 | C62: Descriere cheltuială …………….
C63: TOTAL Conectare la retele informatice aferente functionarii intreprinderilor | F63: =F61+F62 -> 0 | G63: =G61+G62 -> 0 | H63: =H61+H62 -> 0
B64: 14. Cheltuieli de informare si publicitate aferente functionarii intrerpinderilor
B65: 14.1 | C65: Cheltuieli de marketing anul 1 | F65: ='an 1'!P89 -> 3500
B66: 14.2 | C66: Descriere cheltuială …………….
C67: TOTAL Cheltuieli de informare si publicitate aferente functionarii intrerpinderilor | F67: =F65 -> 3500 | G67: =G65 -> 0 | H67: =H65 -> 0
B68: 15. Alte cheltuieli aferente functionarii intreprinderilor
B69: 15.1 | C69: Prelucrarea de date
B70: 15.2 | C70: Intretinere, actualizare si dezvoltare de aplicatii informatice
B71: 15.3 | C71: Achizitionare de publicatii, carti, reviste de specialitate relevante pentru operatiune, in format tiparit si /sau electronic
B72: 15.4 | C72: Concesiuni, brevete, licente, marci comerciale, drepturi si active similare
B73: 15.5 | C73: Cheltuieli de transport: aprovizionare si desfacere | F73: 0
C74: TOTAL Alte cheltuieli aferente functionarii intreprinderilor | F74: =SUM(F69:F73) -> 0 | G74: =SUM(G69:G73) -> 0 | H74: =SUM(H69:H73) -> 0
C75: TOTAL GENERAL | F75: =F74+F67+F63+F59+F55+F52+F48+F44+F40+F36+F32+F29+F19+F13+F7 -> 289397.97 | G75: =G74+G67+G63+G59+G55+G52+G48+G44+G40+G36+G32+G29+G19+G13+G7 -> 0 | H75: =H74+H67+H63+H59+H55+H52+H48+H44+H40+H36+H32+H29+H19+H13+H7 -> 0
C76: Total subventie transa I si II | F76: =G76+H76 -> 178340 | G76: 133755 | H76: 44585

Sheet an 1
Q1: =4000*57.2% -> 2288
Q2: =4000-Q1 -> 1712
B3: COSTURI ACCEPTATE LA FINANTARE - previziune 12 luni | Q3: =P5-Q5 -> -1597
D4: Luna 1 | E4: Luna 2 | F4: Luna 3 | G4: Luna 4 | H4: Luna 5 | I4: Luna 6 | J4: Luna 7 | K4: Luna 8 | L4: Luna 9 | M4: Luna 10 | N4: Luna 11 | O4: Luna 12 | P4: total anul inv | Q4: corelare cu planul de afaceri | R4: Justificare sume / oferte piata | U4: Recomandari revizuite/ actualizare budet | V4: Decontare din subventie | W4: Modifiacari 13.03.2019 - Petru
B5: 1. Cheltuieli cu salariile personalului nou-angajat | D5: =D6+D12+D15 -> 0 | E5: =E6+E12+E15 -> 4000 | F5: =F6+F12+F15 -> 6403 | G5: =G6+G12+G15 -> 6403 | H5: =H6+H12+H15 -> 6403 | I5: =I6+I12+I15 -> 6403 | J5: =J6+J12+J15 -> 6403 | K5: =K6+K12+K15 -> 6403 | ... O5: =O6+O12+O15 -> 6403 | P5: =SUM(D5:O5) -> 68030 | Q5: =SUM(Q7:Q17) -> 69627 | U5: 1. Revizuiti bugetul de salarii functie de legislatia aplicabila de la 01.01.2019 - vezi materiale si exemple 2. cel de-al doilea angajat incepe in luna 4 - daca considerati ca nu reusiti sa finalizati complet investitia si nu aveti asigurate contracte, aveti in vedere decalarea angajarii cu 1 - 2 luni; Tineti cont ca prin proiect TREBUIE sa creati 2 locuri de munca cel tarziu in luna a 6-a de la semnarea contractului de subventie. | V5: din subventie / diferenta de la echipamente
B6: 1.1. Cheltuieli salariale NETE | D6: =D7+D8+D9+D10+D11 -> 0 | E6: =E7+E8+E9+E10+E11 -> 2288 | F6: =F7+F8+F9+F10+F11 -> 3701 | G6: =G7+G8+G9+G10+G11 -> 3701 | H6: =H7+H8+H9+H10+H11 -> 3701 | I6: =I7+I8+I9+I10+I11 -> 3701 | J6: =J7+J8+J9+J10+J11 -> 3701 | K6: =K7+K8+K9+K10+K11 -> 3701 | ... O6: =O7+O8+O9+O10+O11 -> 3701 | P6: =SUM(D6:O6) -> 39298 | U6: 3. Cheltuieli cu salariile sunt cheltuieli eigibile, Decontati intregul buget de salarii din subventie? | V6: salariat 1 incepe in luna 2 Aprilie
B7: Salariat 1 | D7: 0 | E7: 2288 | F7: =E7 -> 2288 | G7: =F7 -> 2288 | H7: =G7 -> 2288 | I7: =H7 -> 2288 | J7: =I7 -> 2288 | K7: =J7 -> 2288 | L7: =K7 -> 2288 | M7: =L7 -> 2288 | ... O7: =N7 -> 2288 | P7: =SUM(D7:O7) -> 25168 | Q7: =O7*12 -> 27456
B8: Salariat 2 | D8: 0 | F8: 1413 | G8: 1413 | H8: 1413 | I8: 1413 | J8: 1413 | K8: 1413 | L8: 1413 | M8: 1413 | N8: 1413 | O8: 1413 | P8: =SUM(D8:O8) -> 14130 | Q8: =O8*9 -> 12717 | U8: 4. Subventia va fi primita in 30 -45 zile de la semnarea contractului de finantare, pentru primele 2 suni celtuielile cu salarii si taxe aferente vos fi relaizate din resurse proprii si de vor deconta din subventie. | V8: salariat 2 incepe in luna 3 Mai
B9: Salariat 3
B10: Salariat 4
B11: Salariat 5
B12: 1.2 Onorarii/ venituri asimilate salariilor pentru experți proprii/ cooptați | D12: =D13+D14 -> 0 | E12: =E13+E14 -> 0 | F12: =F13+F14 -> 0 | G12: =G13+G14 -> 0 | H12: =H13+H14 -> 0 | I12: =I13+I14 -> 0 | J12: =J13+J14 -> 0 | K12: =K13+K14 -> 0 | ... O12: =O13+O14 -> 0 | P12: =SUM(D12:O12) -> 0
B13: Expert cooptat | D13: 0 | P13: =SUM(D13:O13) -> 0
B14: Expert cooptat | D14: 0 | E14: =D14 -> 0 | F14: =E14 -> 0 | G14: =F14 -> 0 | H14: =G14 -> 0 | I14: =H14 -> 0 | J14: =I14 -> 0 | K14: =J14 -> 0 | L14: =K14 -> 0 | ... O14: =N14 -> 0 | P14: =SUM(D14:O14) -> 0
B15: 1.3. Contribuţii sociale aferente cheltuielilor salariale şi cheltuielilor asimilate acestora (contribuţii angajaţi şi angajatori) | D15: =SUM(D16:D20) -> 0 | E15: =SUM(E16:E20) -> 1712 | F15: =SUM(F16:F20) -> 2702 | G15: =SUM(G16:G20) -> 2702 | H15: =SUM(H16:H20) -> 2702 | I15: =SUM(I16:I20) -> 2702 | J15: =SUM(J16:J20) -> 2702 | K15: =SUM(K16:K20) -> 2702 | ... O15: =SUM(O16:O20) -> 2702 | P15: =SUM(D15:O15) -> 28732
B16: Salariat 1 | D16: 0 | E16: 1712 | F16: 1712 | G16: 1712 | H16: 1712 | I16: 1712 | J16: 1712 | K16: 1712 | L16: 1712 | M16: 1712 | N16: 1712 | O16: 1712 | P16: =SUM(D16:O16) -> 18832 | Q16: =O16*12 -> 20544
B17: Salariat 2 | F17: 990 | G17: 990 | H17: 990 | I17: 990 | J17: 990 | K17: 990 | L17: 990 | M17: 990 | N17: 990 | O17: 990 | P17: =SUM(D17:O17) -> 9900 | Q17: =O17*9 -> 8910
B18: Salariat 3 | P18: =SUM(D18:O18) -> 0
B19: Salariat 4 | P19: =SUM(D19:O19) -> 0
B20: Salariat 5 | P20: =SUM(D20:O20) -> 0
P21: =SUM(D21:O21) -> 0
B22: 2. Cheltuieli cu deplasarea personalului întreprinderilor nou-înfiinţate: | D22: =D23+D27+D31+D35 -> 0 | E22: 0 | F22: 0 | G22: 0 | H22: 0 | I22: 0 | J22: 0 | K22: 0 | L22: 0 | M22: 0 | N22: 0 | O22: 0 | P22: =SUM(D22:O22) -> 0 | U22: cheltuielile de deplasare scurte de sub 12 ore pentru contractare, aprovizionare, achizitii care nu necesita cazare se vor deconta pe baza de foi de transport/ bon benzina si formular de deplasare - fara diurna - costurile de deplasare sunt inregistrate la 2.3.
B23: 2.1 Cheltuieli pentru cazare | D23: =SUM(D24:D25) -> 0 | E23: =SUM(E24:E25) -> 0 | F23: =SUM(F24:F25) -> 0 | G23: =SUM(G24:G25) -> 0 | H23: =SUM(H24:H25) -> 0 | I23: =SUM(I24:I25) -> 0 | J23: =SUM(J24:J25) -> 0 | K23: =SUM(K24:K25) -> 0 | ... O23: =SUM(O24:O25) -> 0 | P23: =SUM(D23:O23) -> 0 | U23: 1. in primele 3 luni costurile de deplasare pentru achizitii elemente investitie vor fi suportate din resurse proprii?
B24: cazare 1 | P24: =SUM(D24:O24) -> 0 | U24: 2. Aceste cheltuieli sunt eligibile insa fiind realizate de obicei in numerar sunt dificil de documentat, recomand ca acest tip de cheltuieli sa nu fie decontat din subventie | V24: ???
B25: Cazare 2 | P25: =SUM(D25:O25) -> 0
P26: =SUM(D26:O26) -> 0
B27: 2.2 Cheltuieli cu diurna personalului propriu | D27: =SUM(D28:D29) -> 0 | E27: =SUM(E28:E29) -> 0 | F27: =SUM(F28:F29) -> 0 | G27: =SUM(G28:G29) -> 0 | H27: =SUM(H28:H29) -> 0 | I27: =SUM(I28:I29) -> 0 | J27: =SUM(J28:J29) -> 0 | K27: =SUM(K28:K29) -> 0 | ... O27: =SUM(O28:O29) -> 0 | P27: =SUM(D27:O27) -> 0
B28: Diurna Personal 1 | P28: =SUM(D28:O28) -> 0
B29: Diurna Personal 2 | P29: =SUM(D29:O29) -> 0
P30: =SUM(D30:O30) -> 0
B31: 2.3 Cheltuieli pentru transportul persoanelor (inclusiv transportul efectuat cu mijloacele de transport în comun sau taxi, gară, autogară sau port şi locul delegării ori locul de cazare, precum şi transportul efectuat pe distanța dintre locul de cazare şi locul delegării) | D31: =SUM(D32:D33) -> 0 | E31: 1000 | F31: 1500 | G31: =SUM(G32:G33) -> 0 | H31: =SUM(H32:H33) -> 0 | I31: =SUM(I32:I33) -> 0 | J31: =SUM(J32:J33) -> 0 | K31: =SUM(K32:K33) -> 0 | L31: 1500 | M31: =SUM(M32:M33) -> 0 | N31: =SUM(N32:N33) -> 0 | O31: =SUM(O32:O33) -> 0 | P31: =SUM(D31:O31) -> 4000
B32: Cheltuieli Transport materiale si marfuri | D32: 0 | E32: 0 | F32: 0 | G32: 0 | H32: 0 | I32: 0 | J32: 0 | K32: 0 | L32: 0 | M32: 0 | N32: 0 | O32: 0 | P32: =SUM(D32:O32) -> 0
B33: Cheltuieli Transport 2 | P33: =SUM(D33:O33) -> 0
P34: =SUM(D34:O34) -> 0
B35: 2.4 Taxe şi asigurări de călătorie și asigurări medicale aferente deplasării | D35: 0 | E35: 0 | F35: 0 | G35: 0 | H35: 0 | I35: 0 | J35: 0 | K35: 0 | L35: 0 | M35: 0 | N35: 0
P36: =SUM(D36:O36) -> 0
B37: 3. Cheltuieli aferente diverselor achiziţii de servicii specializate, pentru care beneficiarul ajutorului de minimis nu are expertiza necesară | D37: =SUM(D38:D41) -> 1300 | E37: =SUM(E38:E41) -> 4300 | F37: =SUM(F38:F41) -> 300 | G37: =SUM(G38:G41) -> 300 | H37: =SUM(H38:H41) -> 300 | I37: =SUM(I38:I41) -> 300 | J37: =SUM(J38:J41) -> 300 | K37: =SUM(K38:K41) -> 300 | ... O37: =SUM(O38:O41) -> 300 | P37: =SUM(D37:O37) -> 8600 | U37: revizuiti cheltuielile cu contabilul dupa ce ati identificat unul si ati negociat un contract de servicii pe primul an care sa includa si asitenta pentru raportarea utilizarii subventiei. | V37: total/partial | W37: resurse proprii
B38: Servicii specializate contabilitatea | D38: 300 | E38: =D38 -> 300 | F38: =E38 -> 300 | G38: =F38 -> 300 | H38: =G38 -> 300 | I38: =H38 -> 300 | J38: =I38 -> 300 | K38: =J38 -> 300 | L38: =K38 -> 300 | ... O38: =N38 -> 300 | P38: =SUM(D38:O38) -> 3600
B39: Servicii specializate juridic | D39: 1000 | P39: =SUM(D39:O39) -> 1000 | U39: asitenta juridica pentru infiintarea firmei se realizeaza in cadrul proiectului,, daca aveti benoie de un jurist care sa va pregateasca documente de infiintare firma mentineti suma estimata , daca nu, transferati-o la consultanta pentru obtinerea autorizatiilor de functionare spacifice: protectia muncii...
B40: Servicii specializate tehnologie (securizare si autorizare) | E40: =investitia!C52+investitia!C53 -> 4000 | P40: =SUM(E40:O40) -> 4000 | U40: Cheltuielile de securizare/ asigurare masini si echipamente: functie de locatia punctului de lucru la care depozitati masinile si echipamentele pe care le achizitionati in cadrul proiectului, revizuiti bugetul si aveti in vedere achizitia serviciilor de asigurare
P41: =SUM(D41:O41) -> 0
P42: =SUM(D42:O42) -> 0
B43: 4. Cheltuieli cu achiziția de active fixe corporale (altele decât terenuri și imobile), obiecte de inventar, materii prime și materiale, inclusiv materiale consumabile, alte cheltuieli pentru investiţii necesare funcţionării întreprinderilor | D43: =SUM(D44:D49) -> 0 | E43: =SUM(E44:E49) -> 104165 | F43: =SUM(F44:F49) -> 6500 | G43: =SUM(G44:G49) -> 7000 | H43: =SUM(H44:H49) -> 7000 | I43: =SUM(I44:I49) -> 7000 | J43: =SUM(J44:J49) -> 7000 | K43: =SUM(K44:K49) -> 7000 | ... O43: =SUM(O44:O49) -> 7000 | P43: =SUM(D43:O43) -> 199054 | U43: Actualizati intregul buget de investitii in mijloace fixe si obiecte de inventar, fiecare element al investitiei trebuie fundamentat cu 3 oferte, valoarea finala fiind la alegerea D-voastra functie de caracteristicile tehnice si functionale mai putin functie de pret. | V43: total/patial
B44: Echipament - mijloc de transport | D44: 0 | E44: 81815 | P44: =SUM(D44:O44) -> 81815 | U44: Este recomandata decontarea din subventie a investitiei. | V44: din subventie | W44: rata schimb 1€ -5lei
B45: Echipament -motosapa, tractoras tuns iarba,motocositoare - miniescavator | D45: 0 | E45: 15650 | L45: 25389 | P45: =SUM(D45:O45) -> 41039 | U45: Toate achizitiile se fac pe basa de factura prin transfer bancare | V45: din subventie | W45: am ales un echipament de transpor de capacitate mai mica am preferat sa mai iau 2 echipamente care sunt foarte utile in perioada imediat urmatoare
B46: Echipament - calculator + multifinctionala | F46: 4000 | P46: =SUM(D46:O46) -> 4000
B47: Materie prima 1 | F47: 1500 | G47: 3000 | H47: 3000 | I47: 3000 | J47: 3000 | K47: 3000 | L47: 3000 | M47: 3000 | N47: 3000 | O47: 3000 | P47: =SUM(D47:O47) -> 28500 | U47: Materia prima si materialele specifice activitatii achizitionate si care se deconteaza din subventie trebuies facturate si platite prin transfer bancar | W47: bani alocati si necheltuiti se pot cheltui in anul 2???
B48: Materie prima 2 | F48: 1000 | G48: 4000 | H48: 4000 | I48: 4000 | J48: 4000 | K48: 4000 | L48: 4000 | M48: 4000 | N48: 4000 | O48: 4000 | P48: =SUM(D48:O48) -> 37000 | W48: resurse proprii
B49: Altele cheltuieli - obiecte de inventar | E49: 6700 | P49: =SUM(D49:O49) -> 6700 | W49: resurse proprii
P50: =SUM(D50:O50) -> 0
B51: 5. Cheltuieli cu închirierea de sedii (inclusiv depozite), spații pentru desfășurarea diverselor activițăți ale întreprinderii, echipamente, vehicule, diverse bunuri | D51: =SUM(D52:D56) -> 0 | E51: =SUM(E52:E56) -> 955 | F51: =SUM(F52:F56) -> 955 | G51: =SUM(G52:G56) -> 955 | H51: =SUM(H52:H56) -> 955 | I51: =SUM(I52:I56) -> 955 | J51: =SUM(J52:J56) -> 955 | K51: =SUM(K52:K56) -> 955 | ... O51: =SUM(O52:O56) -> 955 | P51: =SUM(D51:O51) -> 10505 | U51: Identificati sediul/ punctul de lucru, incheiati un precontract de inchiriere si mentionati-le in catul constitutiv la societatii. Poate investitiile relaizate in cadrul proiectului si decontate din subventie se realizeaza fie la sediul social fie la punctul de lucru declarat si inregistrat la RC. | V51: total/partial
B52: Chirie sediu | E52: 250 | F52: 250 | G52: 250 | H52: 250 | I52: 250 | J52: 250 | K52: 250 | L52: 250 | M52: 250 | N52: 250 | O52: 250 | P52: =SUM(D52:O52) -> 2750 | W52: 50€ inclus si e electrica/incep in luna 2 aprilie
B53: Chirie spatii productie si depozitare | E53: 705 | F53: 705 | G53: 705 | H53: 705 | I53: 705 | J53: 705 | K53: 705 | L53: 705 | M53: 705 | N53: 705 | O53: 705 | P53: =SUM(D53:O53) -> 7755 | W53: chirie punct lucru 100€+tva/ incep in luna 2 aprilie
B54: Chirie echipamente | P54: =SUM(D54:O54) -> 0
B55: Chirie vehicule | P55: =SUM(D55:O55) -> 0
B56: Chirie diverse bunuri | P56: =SUM(D56:O56) -> 0
P57: =SUM(D57:O57) -> 0
B58: 6. Cheltuieli de leasing fără achiziție (leasing operațional) aferente funcţionării întreprinderilor (rate de leasing operațional plătite de întreprindere pentru: echipamente, vehicule, diverse bunuri mobile și imobile) | D58: =SUM(D59:D62) -> 0 | E58: =SUM(E59:E62) -> 0 | F58: =SUM(F59:F62) -> 0 | G58: =SUM(G59:G62) -> 0 | H58: =SUM(H59:H62) -> 0 | I58: =SUM(I59:I62) -> 0 | J58: =SUM(J59:J62) -> 0 | K58: =SUM(K59:K62) -> 0 | ... O58: =SUM(O59:O62) -> 0 | P58: =SUM(D58:O58) -> 0
B59: Echipamente | P59: =SUM(D59:O59) -> 0
B60: Vehicule | P60: =SUM(D60:O60) -> 0
B61: Bunuri Mobile | P61: =SUM(D61:O61) -> 0
B62: Bunuri imobile | P62: =SUM(D62:O62) -> 0
P63: =SUM(D63:O63) -> 0
B64: 7. Utilităţi aferente funcţionării întreprinderilor | D64: =SUM(D65:D68) -> 0 | E64: =SUM(E65:E68) -> 0 | F64: =SUM(F65:F68) -> 0 | G64: =SUM(G65:G68) -> 300 | H64: =SUM(H65:H68) -> 300 | I64: =SUM(I65:I68) -> 300 | J64: =SUM(J65:J68) -> 300 | K64: =SUM(K65:K68) -> 300 | ... O64: =SUM(O65:O68) -> 300 | P64: =SUM(D64:O64) -> 2700 | U64: cheltuielile cu utilitatile sunt decontabile din subventie daca se fac in numele societatii, daca nu doriti sa faceti contract de furnizare pe societate, acestea pot fi incluse in contractul de chirie/ comodat al spatiului: sediu sau punct de lucru. | V64: ??? | W64: Internetul cred ca o sa fie contractat pe firma si daca e posibil energia electrica cum inca un am un contract incheiat momentan
B65: Energie electrica | E65: 0 | F65: 0 | G65: 100 | H65: 100 | I65: 100 | J65: 100 | K65: 100 | L65: 100 | M65: 100 | N65: 100 | O65: 100 | P65: =SUM(D65:O65) -> 900 | W65: punct lucru - resurse
B66: Gaze | E66: 0 | F66: 0 | G66: 0 | H66: 0 | I66: 0 | J66: 0 | K66: 0 | L66: 0 | M66: 0 | N66: 0 | O66: 0 | P66: =SUM(D66:O66) -> 0
B67: Apa/canalizare | E67: 0 | F67: 0 | G67: 0 | H67: 0 | I67: 0 | J67: 0 | K67: 0 | L67: 0 | M67: 0 | N67: 0 | O67: 0 | P67: =SUM(D67:O67) -> 0
B68: Internet + telefonie | E68: 0 | F68: 0 | G68: 200 | H68: 200 | I68: 200 | J68: 200 | K68: 200 | L68: 200 | M68: 200 | N68: 200 | O68: 200 | P68: =SUM(D68:O68) -> 1800 | W68: sediu social - resurse proprii
P69: =SUM(D69:O69) -> 0
B70: 8. Servicii de administrare a clădirilor aferente funcţionării întreprinderilor | D70: =D71 -> 0 | E70: =E71 -> 0 | F70: =F71 -> 0 | G70: =G71 -> 0 | H70: =H71 -> 0 | I70: =I71 -> 0 | J70: =J71 -> 0 | K70: =K71 -> 0 | ... O70: =O71 -> 0 | P70: =SUM(D70:O70) -> 0
B71: Chltuieli intretinere | P71: =SUM(D71:O71) -> 0
P72: =SUM(D72:O72) -> 0
B73: 9. Servicii de întreţinere şi reparare de echipamente şi mijloace de transport aferente funcţionării întreprinderilor | D73: =SUM(D74) -> 0 | E73: =SUM(E74) -> 0 | F73: =SUM(F74) -> 0 | G73: =SUM(G74) -> 0 | H73: =SUM(H74) -> 0 | I73: =SUM(I74) -> 0 | J73: =SUM(J74) -> 0 | K73: =SUM(K74) -> 0 | ... O73: =SUM(O74) -> 0 | P73: =SUM(D73:O73) -> 0
B74: Cheltuieli reparatii | P74: =SUM(D74:O74) -> 0
P75: =SUM(D75:O75) -> 0
B76: 10. Arhivare de documente aferente funcţionării întreprinderilor | D76: =D77 -> 0 | E76: =E77 -> 0 | F76: =F77 -> 0 | G76: =G77 -> 0 | H76: =H77 -> 0 | I76: =I77 -> 0 | J76: =J77 -> 0 | K76: =K77 -> 0 | ... O76: =O77 -> 0 | P76: =SUM(D76:O76) -> 0
B77: Cheltuieli arhivare | P77: =SUM(D77:O77) -> 0
P78: =SUM(D78:O78) -> 0
B79: 11. Amortizare de active aferente funcţionării întreprinderilor | F79: =cheltuieli!J22 -> 305.55556 | I79: =cheltuieli!K22 -> 7367.8033 | L79: =cheltuieli!L22 -> 7367.8033 | O79: =cheltuieli!M22 -> 7367.8033 | P79: =SUM(D79:O79) -> 22408.966 | U79: Amortizarea nu se deconteaza din bugetul de subventie decai in cazul in care raman rezerve necheltuite pe celelalte linii de buget | V79: NU
P80: =SUM(D80:O80) -> 0
B81: 12. Cheltuieli financiare şi juridice (notariale) aferente funcţionării întreprinderilor | D81: =SUM(D82:D83) -> 0 | E81: =SUM(E82:E83) -> 0 | F81: =SUM(F82:F83) -> 0 | G81: =SUM(G82:G83) -> 0 | H81: =SUM(H82:H83) -> 0 | I81: =SUM(I82:I83) -> 0 | J81: =SUM(J82:J83) -> 0 | K81: =SUM(K82:K83) -> 0 | ... O81: =SUM(O82:O83) -> 0 | P81: =SUM(D81:O81) -> 0
B82: Cheltuieli financiare aferente functionarii | P82: =SUM(D82:O82) -> 0
B83: Cheltuieli juridice (notariale aferente functionarii | P83: =SUM(D83:O83) -> 0
P84: =SUM(D84:O84) -> 0
B85: 13. Conectare la reţele informatice aferente funcţionării întreprinderilor | D85: =D86 -> 0 | E85: =E86 -> 0 | F85: =F86 -> 0 | G85: =G86 -> 0 | H85: =H86 -> 0 | I85: =I86 -> 0 | J85: =J86 -> 0 | K85: =K86 -> 0 | ... O85: =O86 -> 0 | P85: =SUM(D85:O85) -> 0
B86: Cheltuieli conectare retele informatice | P86: =SUM(D86:O86) -> 0
P87: =SUM(D87:O87) -> 0
P88: =SUM(D88:O88) -> 0
B89: 14. Cheltuieli de informare şi publicitate aferente funcţionării întreprinderilor | D89: 3500 | E89: 0 | F89: =SUM(F90:F93) -> 0 | G89: =SUM(G90:G93) -> 0 | H89: =SUM(H90:H93) -> 0 | I89: =SUM(I90:I93) -> 0 | J89: =SUM(J90:J93) -> 0 | K89: =SUM(K90:K93) -> 0 | L89: =SUM(L90:L93) -> 0 | M89: =SUM(M90:M93) -> 0 | ... O89: =SUM(O90:O93) -> 0 | P89: =SUM(D89:O89) -> 3500 | U89: cheltuielile de marketing/ servicii de promovare sunt decontate din subventie pe baza de contract/ factura si platite prin transfer banacar. | V89: Total/Partial | W89: duse in luna 1
B90: Cheltuieli cercetare de piata | P90: =SUM(D90:O90) -> 0
B91: Cheltuieli infiintare site si pagina facebook/ Instagram | D91: 2000 | P91: =SUM(D91:O91) -> 2000
B92: Cheltuieli promovare retele social specializate | D92: 1000 | P92: =SUM(D92:O92) -> 1000
B93: Cheltuieli materiale informative - afise/flyere | D93: 500 | P93: =SUM(D93:O93) -> 500
P94: =SUM(D94:O94) -> 0
P95: =SUM(D95:O95) -> 0
B96: 15. Alte cheltuieli aferente funcţionării întreprinderilor | D96: =SUM(D97:D100) -> 0 | E96: =SUM(E97:E100) -> 0 | F96: =SUM(F97:F100) -> 0 | G96: =SUM(G97:G100) -> 0 | H96: =SUM(H97:H100) -> 0 | I96: =SUM(I97:I100) -> 0 | J96: =SUM(J97:J100) -> 0 | K96: =SUM(K97:K100) -> 0 | ... O96: =SUM(O97:O100) -> 0 | P96: =SUM(D96:O96) -> 0
B97: 15.1. Prelucrare de date | P97: =SUM(D97:O97) -> 0
B98: 15.2. Întreţinere, actualizare şi dezvoltare de aplicaţii informatice | P98: =SUM(D98:O98) -> 0
B99: 15.3. Achiziţionare de publicaţii, cărţi, reviste de specialitate relevante pentru operaţiune, în format tipărit şi/sau electronic | P99: =SUM(D99:O99) -> 0
B100: 15.4. Concesiuni, brevete, licenţe, mărci comerciale, drepturi şi active similare | P100: =SUM(D100:O100) -> 0 | V100: Total subventie: 178340 lei
...

Sheet investitia
B3: Investitia amortizabila (descriere detaliata) | C3: Pret unitar (Lei) Inclusiv TVA | D3: Nr. Unitati | E3: Valoare Totala (lei) | F3: Perioada de amortizare (ani) | K3: Cheltuieli cu amortizarea mijloacelor fixe aferente investitiei
B4: I.Active corporale cu valoare unitara mai mare de 2500 lei ( TVA inclus) | K4: I. Investitia - Active corporale | L4: Valoare Totala (lei) | M4: Perioada de amortizare(ani) | N4: Anul I Trim 1 | O4: Anul I Trim 2 | P4: Anul I Trim 3 | Q4: Anul I Trim 4 | R4: Total Anul 1 | S4: Anul II | T4: Anul III
B5: I. 1. Masini si echipamente de Productie/ Prestari servicii | D5: =SUM(D6:D10) -> 2 | E5: =SUM(E6:E11) -> 138189.4 | F5: 5 | K5: =B5 -> I. 1. Masini si echipamente de Productie/ Prestari servicii | L5: =E5 -> 138189.4 | M5: 5 | N5: 0 | O5: =L5/5/4 -> 6909.47 | P5: =O5 -> 6909.47 | Q5: =P5 -> 6909.47 | R5: =SUM(N5:Q5) -> 20728.41 | S5: =L5/M5 -> 27637.88 | T5: =S5 -> 27637.88
B6: masina de transport echipamente si materiale | C6: =24000*4.7 -> 112800 | D6: 1 | E6: =C6*D6 -> 112800 | K6: =B12 -> I.2. Echipamente IT | L6: =E12 -> 4000 | M6: 3 | N6: =L6/M6/12*2 -> 222.22222 | O6: =L6/M6/4 -> 333.33333 | P6: =O6 -> 333.33333 | Q6: =P6 -> 333.33333 | R6: =SUM(N6:Q6) -> 1222.2222 | S6: =L6/M6 -> 1333.3333 | T6: =S6 -> 1333.3333
B7: miniescavator | C7: =5402*4.7 -> 25389.4 | D7: 1 | E7: =C7*D7 -> 25389.4 | K7: =B17 -> I. 3. Mobilier | L7: =E17 -> 0 | M7: 5 | N7: 0 | O7: =L7/M7/4 -> 0 | P7: =O7 -> 0 | Q7: =P7 -> 0 | R7: =SUM(N7:Q7) -> 0 | S7: =L7/M7/4 -> 0 | T7: =S7 -> 0
E8: =C8*D8 -> 0 | K8: Total Amorizare Active corporale | L8: =SUM(L5:L7) -> 142189.4 | N8: =SUM(N5:N7) -> 222.22222 | O8: =SUM(O5:O7) -> 7242.8033 | P8: =SUM(P5:P7) -> 7242.8033 | Q8: =SUM(Q5:Q7) -> 7242.8033 | R8: =SUM(R5:R7) -> 21950.632 | S8: =SUM(S5:S7) -> 28971.213 | T8: =SUM(T5:T7) -> 28971.213
E9: =C9*D9 -> 0 | K9: =B23 -> II. Investitia - Active necorporale | L9: Valoare Totala (lei) | M9: Perioada de amortizare(ani) | N9: Anul I Trim 1 | O9: Anul I Trim 2 | P9: Anul I Trim 3 | Q9: Anul I Trim 4 | R9: Total Anul 1 | S9: Anul II - Trim 1 | T9: Anul II - Trim 2
E10: =C10*D10 -> 0 | K10: =B25 -> II.1.Programe de calculator | L10: =E25 -> 1500 | M10: =F25 -> 3 | N10: =L10/M10/12*2 -> 83.333333 | O10: =L10/M10/4 -> 125 | P10: =O10 -> 125 | Q10: =P10 -> 125 | R10: =SUM(N10:Q10) -> 458.33333 | S10: =L10/M10 -> 500 | T10: =S10 -> 500
E11: =C11*D11 -> 0
B12: I.2. Echipamente IT | D12: =SUM(D13:D16) -> 1 | E12: =SUM(E13:E16) -> 4000 | F12: 3 | K12: =B26 -> II.2. Marci brevete | L12: =E26 -> 0 | M12: =F26 -> 5 | O12: =L12/M12/4 -> 0 | P12: =O12 -> 0 | Q12: =P12 -> 0 | R12: =SUM(N12:Q12) -> 0 | S12: =Q12 -> 0 | T12: =S12 -> 0
B13: echipament IT ( calc si imprimanta) | C13: 4000 | D13: 1 | E13: =C13*D13 -> 4000 | K13: =B27 -> II.3 Alte active necorporale | L13: =E27 -> 0 | M13: 3 | O13: =L13/M13/4 -> 0 | P13: =O13 -> 0 | Q13: =P13 -> 0 | R13: =SUM(N13:Q13) -> 0 | S13: =Q13 -> 0
K14: Total Cheltuieli de amortizare Active Necorporale | L14: =SUM(L10:L13) -> 1500 | N14: =SUM(N10:N13) -> 83.333333 | O14: =SUM(O10:O13) -> 125 | P14: =SUM(P10:P13) -> 125 | Q14: =SUM(Q10:Q13) -> 125 | R14: =SUM(R10:R13) -> 458.33333 | S14: =SUM(S10:S13) -> 500 | T14: =SUM(T10:T13) -> 500
E15: 0 | K15: Total Cheltuieli cu amortizare active | L15: =L8+L14 -> 143689.4 | M15: =M8+M14 -> 0 | N15: =N8+N14 -> 305.55556 | O15: =O8+O14 -> 7367.8033 | P15: =P8+P14 -> 7367.8033 | Q15: =Q8+Q14 -> 7367.8033 | R15: =R8+R14 -> 22408.966 | S15: =S8+S14 -> 29471.213 | T15: =T8+T14 -> 29471.213
E16: 0
B17: I. 3. Mobilier | D17: 1 | E17: =SUM(E18:E20) -> 0 | F17: 5
E18: =C18*D18 -> 0
E19: 0
E20: 0
B21: Total investitie in active corporale amortizabila | C21: Valoare (lei) | D21: 7 | E21: =E5+E12+E17 -> 142189.4
B23: II. Investitia - Active necorporale | C23: Pret unitar (Lei) Inclusiv TVA | D23: Nr. Unitati | E23: Valoare Totala (lei) | F23: Perioada de amortizare (ani)
B24: II. Investitia - Active necorporale cu valoare unitara mai mare de 2500 lei ( TVA inclus)
B25: II.1.Programe de calculator | C25: 1500 | D25: 1 | E25: =C25*D25 -> 1500 | F25: 3
B26: II.2. Marci brevete | F26: 5
B27: II.3 Alte active necorporale
B29: Total investitie in active necorporale amortizabila | C29: Valoare (lei) | D29: 7 | E29: =SUM(E25:E28) -> 1500
B31: III. Obiecte de inventar ( valoare achizitie <2500 lei TVA inclus) | C31: Pret Unitar (Lei) | D31: Nr. Unitati | E31: Valoare Totala (lei)
B32: casa de marcat | C32: 1200 | D32: 1 | E32: =C32*D32 -> 1200
B33: obiecte de inventar | C33: 2000 | D33: 2 | E33: =C33*D33 -> 4000
E34: =C34*D34 -> 0
D35: 0 | E35: =C35*D35 -> 0
E36: =C36*D36 -> 0
E37: =C37*D37 -> 0
E38: 0
B39: Total Cheltuieli cu obiectele de inventar | E39: =SUM(E32:E38) -> 5200
B41: IV. Amanenajari spatii de Productie /Prestari servicii/Comert | C41: Pret Unitar (Lei) | D41: Nr. Unitati | E41: Valoare Totala (lei)
B42: amenajare spatiu de productie si livrare | D42: 1 | E42: =C42*D42 -> 0
B43: amenajare birou si vestiar | D43: 1 | E43: =C43*D43 -> 0
B44: amenajare depozit materii prime si materiale | D44: 1 | E44: =C44*D44 -> 0
E45: =C45*D45 -> 0
E46: =C46*D46 -> 0
E47: =SUM(E42:E46) -> 0
B49: V. Cheltuieli anterioare productiei | C49: Valoare unitara (lei) | D49: Nr. Unitati | E49: Valoare totala (lei)
B50: Cheltuieli anterioare productiei - total | D50: 3 | E50: =SUM(E51:E53) -> 5000
B51: Cheltuieli juridice de infiintare si inregistrare a firmei din care CS 200 lei | C51: 1000 | D51: 1 | E51: =C51*D51 -> 1000
B52: Cheltuieli de securizare spatiu de lucru ( Sistem de supraveghere si antiefractie) | C52: 2500 | D52: 1 | E52: =C52*D52 -> 2500
B53: Alte cheltuieli: autorizare | C53: 1500 | D53: 1 | E53: =C53*D53 -> 1500
B55: Structura Investitiei | C55: Valoare totala (lei) | D55: % din total investitie
B56: =B4 -> I.Active corporale cu valoare unitara mai mare de 2500 lei ( TVA inclus) | C56: =E21 -> 142189.4 | D56: =C56/C61 -> 0.92397137 | E56: x
B57: =B24 -> II. Investitia - Active necorporale cu valoare unitara mai mare de 2500 lei ( TVA inclus) | C57: =E29 -> 1500 | D57: =C57/C61 -> 0.00974726 | E57: x
B58: =B31 -> III. Obiecte de inventar ( valoare achizitie <2500 lei TVA inclus) | C58: =E39 -> 5200 | D58: =C58/C61 -> 0.033790501 | E58: x
B59: =B41 -> IV. Amanenajari spatii de Productie /Prestari servicii/Comert | C59: =E47 -> 0 | D59: 0 | E59: x
B60: =B49 -> V. Cheltuieli anterioare productiei | C60: =E50 -> 5000 | D60: =C60/C61 -> 0.032490867 | E60: x
B61: Total Valoare Investitie si Ch. Anterioare Productiei | C61: =SUM(C56:C60) -> 153889.4 | D61: 1
B63: Planul de finantare al investitiei | C63: Valoare (lei) | D63: %
B64: 1. Necesarul de Finantare ( Valoarea investitiei), din care
B65: 1.1. Valoarea subvenției solicitate ( transa I si II) | C65: 178340 | D65: 1 | F65: 178340 | G65: 133755
B66: 1.2. Contribuție proprie (din surse proprii și atrase) (opțional) | C66: 0 | F66: =F65/40000 -> 4.4585 | G66: Curs schimb proiect
B67: 2. Destinația fondurilor
B68: 2.1. Investiții și cheltuieli anterioare producției (autorizatii, avize, inregistrare firma) | C68: =C61 -> 153889.4 | D68: =C68/C70 -> 0.86289896
B69: 2.2. Cheltuieli operaționale în primele 12 luni | C69: =C65-C68 -> 24450.6 | D69: =C69/C70 -> 0.13710104
B70: Total | C70: =C65 -> 178340

Sheet venituri
B3: ESTIMAREA VENITURILOR
B4: Valoare Vanzari - Produs( lei/sortiment)/ perioada | D4: Cantitate ( nr. unitati produs/serviciu) | J4: Preț unitar mediu (lei/mp) | K4: an 1 | O4: Total an 1 | P4: an2 | Q4: An3 | V4: Valoarea vanzarilor/ produs/serviciu/an ca procent din volumul maxim al vanzarilor estimat pe an
D5: an 1 trim 1 | E5: an 1 trim 2 | F5: an 1 trim 3 | G5: an 1 trim 4 | H5: an 2 | I5: an 3 | K5: =D5 -> an 1 trim 1 | L5: =E5 -> an 1 trim 2 | M5: =F5 -> an 1 trim 3 | N5: =G5 -> an 1 trim 4 | W5: A1 tr1 | X5: A1 tr2 | Y5: A1 tr3 | Z5: A1 tr4 | AA5: An 2 | AB5: An 3
B6: 1 | C6: amenajari peisagistice de complexitate mica | E6: =400*3 -> 1200 | F6: =400*4 -> 1600 | G6: =400*3 -> 1200 | H6: =E6*4 -> 4800 | I6: =F6*4 -> 6400 | J6: 10 | K6: =D6*J6 -> 0 | L6: =E6*J6 -> 12000 | M6: =F6*J6 -> 16000 | N6: =G6*J6 -> 12000 | O6: =SUM(K6:N6) -> 40000 | P6: =H6*J6 -> 48000 | Q6: =I6*J6 -> 64000 | R6: =O6/O10 -> 0.19047619 | V6: =C6 -> amenajari peisagistice de complexitate mica | W6: =K6 -> 0 | X6: =L6 -> 12000 | Y6: =M6 -> 16000 | Z6: =N6 -> 12000 | AA6: =O6 -> 40000 | AB6: =P6 -> 48000
B7: 2 | C7: amenajari peisagistice de complexitate medie | E7: =400*2 -> 800 | F7: =400*2 -> 800 | G7: 400 | H7: =E7*6 -> 4800 | I7: =F7*8 -> 6400 | J7: 30 | K7: =D7*$J$7 -> 0 | L7: =E7*J7 -> 24000 | M7: =F7*J7 -> 24000 | N7: =G7*J7 -> 12000 | O7: =SUM(K7:N7) -> 60000 | P7: =H7*J7 -> 144000 | Q7: =I7*J7 -> 192000 | R7: =O7/O10 -> 0.28571429 | V7: =C7 -> amenajari peisagistice de complexitate medie | W7: =K7 -> 0 | X7: =L7 -> 24000 | Y7: =M7 -> 24000 | Z7: =N7 -> 12000 | AA7: =O7 -> 60000 | AB7: =P7 -> 144000
B8: 3 | C8: amenajari peisagistice de complexitate mare | E8: =400*1 -> 400 | F8: =400*2 -> 800 | G8: 400 | H8: =E8*4 -> 1600 | I8: =G8*4 -> 1600 | J8: 50 | L8: =E8*J8 -> 20000 | M8: =F8*J8 -> 40000 | N8: =G8*J8 -> 20000 | O8: =SUM(K8:N8) -> 80000 | P8: =H8*J8 -> 80000 | Q8: =I8*J8 -> 80000 | V8: =C8 -> amenajari peisagistice de complexitate mare | W8: =K8 -> 0 | X8: =L8 -> 20000 | Y8: =M8 -> 40000 | Z8: =N8 -> 20000 | AA8: =O8 -> 80000 | AB8: =P8 -> 80000
B9: 4 | C9: intretinere gradini si amenajari peisagistice | E9: 10 | F9: 20 | G9: 30 | H9: 60 | I9: 80 | J9: 500 | K9: =D9*$J$9 -> 0 | L9: =E9*J9 -> 5000 | M9: =F9*J9 -> 10000 | N9: =G9*J9 -> 15000 | O9: =SUM(K9:N9) -> 30000 | P9: =H9*J9 -> 30000 | Q9: =I9*J9 -> 40000 | R9: =O9/O10 -> 0.14285714 | V9: =C9 -> intretinere gradini si amenajari peisagistice | W9: =K9 -> 0 | X9: =L9 -> 5000 | Y9: =M9 -> 10000 | Z9: =N9 -> 15000 | AA9: =O9 -> 30000 | AB9: =P9 -> 30000
B10: Total cifra de afaceri ( lei) | J10: NA | K10: =SUM(K6:K9) -> 0 | L10: =SUM(L6:L9) -> 61000 | M10: =SUM(M6:M9) -> 90000 | N10: =SUM(N6:N9) -> 59000 | O10: =SUM(O6:O9) -> 210000 | P10: =SUM(P6:P9) -> 302000 | Q10: =SUM(Q6:Q9) -> 376000
B11: Total cifra de afaceri ( Euro) Rata de schimb 4.66 lei/euro | J11: 4.4585 | K11: =K10/$J$11 -> 0 | L11: =L10/$J$11 -> 13681.732 | M11: =M10/$J$11 -> 20186.161 | N11: =N10/$J$11 -> 13233.15 | O11: =O10/$J$11 -> 47101.043 | P11: =P10/$J$11 -> 67735.786 | Q11: =Q10/$J$11 -> 84333.296 | R11: =P11+Q11+Q11+Q11 -> 320735.67
O13: =O6/$O$10 -> 0.19047619
O14: =O7/$O$10 -> 0.28571429
O15: =O9/$O$10 -> 0.14285714
O16: =O10/$O$10 -> 1
R26: 0
R33: 0

Sheet cheltuieli
J1: =1059/I7 -> 0.26475
A2: Cheltuieli de exploatare anuale (operaţionale)
A3: Cheltuieli de producţie directe | C3: Cantitate/ Nr. Salariati | I3: PU (lei) | J3: An 1 | N3: An 1 Total | O3: An2 | P3: An 3
C4: A1tr1 | D4: A1tr2 | E4: A1tr3 | F4: A1tr4 | G4: A2tr1 | H4: A2tr2 | J4: tr 1 | K4: tr 2 | L4: tr 3 | M4: tr 4
A5: 1 | B5: Materii prime ( plante, rulouri iarba, instalatii) | I5: 50% din pretul de vanzare - amenajari complexe | J5: =venituri!K10*40% -> 0 | K5: =50%*venituri!L8 -> 10000 | L5: =50%*venituri!M8 -> 20000 | M5: =50%*venituri!N8 -> 10000 | N5: =50%*venituri!O8 -> 40000 | O5: =50%*venituri!P8 -> 40000 | P5: =50%*venituri!Q8 -> 40000
A6: 2 | B6: Materiale auxiliare (plante, sulouri iarba, alte materiale.) | I6: 30% din pretul de vanzare amenajari simple si medii | J6: =2%*venituri!K10 -> 0 | K6: =30%*(venituri!L6+venituri!L7) -> 10800 | L6: =30%*(venituri!M6+venituri!M7) -> 12000 | M6: =30%*(venituri!N6+venituri!N7) -> 7200 | N6: =30%*(venituri!O6+venituri!O7) -> 30000 | O6: =30%*(venituri!P6+venituri!P7) -> 57600 | P6: =30%*(venituri!Q6+venituri!Q7) -> 76800
A7: 3 | B7: Cheltuieli cu salarii ( manopera directa: salarii nete, inclusiv taxe şi contribuţii sociale si contributie firma) ex: 4000 lei salariu brut: 2288 lei ( 57,2%) - salariu net si 1712 lei (42,8%) -taxe si contributii ale angajatorului si angajatului | C7: 1 | D7: 2 | E7: 2 | F7: 2 | G7: 2 | H7: 2 | I7: 4000 | J7: =(C7*$I$7*3) -> 12000 | K7: =3*D7*$I$7 -> 24000 | L7: =3*E7*$I$7 -> 24000 | M7: =3*F7*I7 -> 24000 | N7: =SUM(J7:M7) -> 84000 | O7: =4000*2*12 -> 96000 | P7: =O7 -> 96000 | T7: =I7*57.2% -> 2288
A8: 4 | B8: Utilitati punct de lucru: Energie electrica, apa, energie termica, telefon si internet | I8: 400 lei/luna | J8: 0 | K8: =400*3 -> 1200 | L8: =400*3 -> 1200 | M8: =400*3 -> 1200 | N8: =SUM(J8:M8) -> 3600 | O8: =400*12 -> 4800 | P8: =O8 -> 4800 | T8: =I7-T7 -> 1712
A9: 5 | B9: Subansamble/piese de schimb | I9: masini si echipamente noi | J9: 0
A10: 7 | B10: Cheltuilei cu transportul materiilor prime/ materiale- produse finite ( combustibil) | I10: 1500 lei/luna | J10: 0 | K10: =1500*3 -> 4500 | L10: =K10 -> 4500 | M10: =L10 -> 4500 | N10: =SUM(J10:M10) -> 13500 | O10: =1500*12 -> 18000 | P10: =O10 -> 18000
A11: 8 | B11: Alte cheltuieli directe(detaliaţi)
B12: Total cheltuieli directe | J12: =SUM(J5:J11) -> 12000 | K12: =SUM(K5:K11) -> 50500 | L12: =SUM(L5:L11) -> 61700 | M12: =SUM(M5:M11) -> 46900 | N12: =SUM(N5:N11) -> 171100 | O12: =SUM(O5:O11) -> 216400 | P12: =SUM(P5:P11) -> 235600
A13: Cheltuieli de producţie indirecte
A14: 1 | B14: Administraţie si contabilitate - 1 salariat cu fractiune de norma (1 ora/zi) sau Onorarii experti/ servicii specializare de contabilitate/ tehnologie si juridice de infintare firma | I14: 625 lei luna - sv. Contabilitate; Ch cu asitenta juridica la infiinatre si autorizare 1500 lei | J14: =investitia!E51+ 1875 -> 2875 | K14: =(2500*3)/4 -> 1875 | L14: =K14 -> 1875 | M14: =L14 -> 1875 | N14: =SUM(J14:M14) -> 8500 | O14: =400*12 -> 4800 | P14: =400*12 -> 4800
A15: 2 | B15: Cheltuieli de Birou/ Consumabile | I15: incluse in ch cu auxiliare
A16: 3 | B16: Cheltuieli de deplasare/delegatii | I16: incluse in ch cu transportul
A17: 4 | B17: Cheltuieli de Marketing si Promovare - realizare pagina Web/ mentenanta website firma, participari la evenimente specifice | I17: conform bugetului de marketing | J17: 2000 | K17: =150*3 -> 450 | L17: =K17 -> 450 | M17: 450 | N17: =SUM(J17:M17) -> 3350 | O17: 2000 | P17: 2000
A18: 5 | B18: Utilitati birou/ sediu social: Energie electrica, apa, energie termica, telefon si internet | I18: incluse in ch. Cu utilitatile de productie
A19: 6 | B19: Servicii sau lucrări subcontractate: autorizatii, abonamente, mentenanta , cheltuieli anterioare productiei de autorizare | I19: ch de autorizare - investitie | J19: =investitia!E53 -> 1500 | N19: 1500 | O19: 1500 | P19: 1500
A20: 7 | B20: Chirie punct de lucru | I20: 300 mp= 300 Euro/luna | J20: 0 | K20: =300*4.7*3 -> 4230 | L20: =K20 -> 4230 | M20: =L20 -> 4230 | N20: =SUM(J20:M20) -> 12690 | O20: =M20*4 -> 16920 | P20: =O20 -> 16920 | Q20: =P20/12 -> 1410
A21: 8 | B21: Cheltuieli de leasing fara achizitie
B22: Alte cheltuieli indirecte(detaliaţi) - amortizare investitie | I22: amortizare totala/ perioada | J22: =investitia!N15 -> 305.55556 | K22: =investitia!O15 -> 7367.8033 | L22: =investitia!P15 -> 7367.8033 | M22: =investitia!Q15 -> 7367.8033 | N22: =investitia!R15 -> 22408.966 | O22: =investitia!S15 -> 29471.213 | P22: =investitia!T15 -> 29471.213
A23: 9 | B23: Alte cheltuieli indirecte(detaliaţi) - si cheltuieli cu ob. Inventar, securizarea si amenajarea spatiilor de productie/prestari servicii | I23: detaliat in descrierea investitiei si a ch. Anterioare productiei | J23: =investitia!E52+investitia!E47+investitia!E39 -> 7700
B24: Total cheltuieli indirecte | J24: =SUM(J14:J23) -> 14380.556 | K24: =SUM(K14:K23) -> 13922.803 | L24: =SUM(L14:L23) -> 13922.803 | M24: =SUM(M14:M23) -> 13922.803 | N24: =SUM(N14:N23) -> 48448.966 | O24: =SUM(O14:O23) -> 54691.213 | P24: =SUM(P14:P23) -> 54691.213
A25: TOTAL CHELTUIELI | J25: =J12+J24 -> 26380.556 | K25: =K12+K24 -> 64422.803 | L25: =L12+L24 -> 75622.803 | M25: =M12+M24 -> 60822.803 | N25: =N12+N24 -> 219548.97 | O25: =O12+O24 -> 271091.21 | P25: =P12+P24 -> 290291.21 | R25: =N25+O25+P25 -> 780931.39
M28: An 2019 | N28: An 2020 | O28: An 2021
B29: =B12 -> Total cheltuieli directe | L29: Ch. Directe | M29: =N12 -> 171100 | N29: =O12 -> 216400 | O29: =P12 -> 235600 | P29: =Q12 -> 0
B30: =B24 -> Total cheltuieli indirecte | L30: Ch. Indirecte | M30: =N24 -> 48448.966 | N30: =O24 -> 54691.213 | O30: =P24 -> 54691.213 | P30: =Q24 -> 0
B31: =A25 -> TOTAL CHELTUIELI | M31: =N25 -> 219548.97 | N31: =O25 -> 271091.21 | O31: =P25 -> 290291.21 | P31: =Q25 -> 0
C36: An 1 | D36: An 2 | E36: An 3
B37: Total Ch Directe | C37: =M29 -> 171100 | D37: =N29 -> 216400 | E37: =O29 -> 235600
B38: Total Ch Indirecte | C38: =M30 -> 48448.966 | D38: =N30 -> 54691.213 | E38: =O30 -> 54691.213
B39: Total Cheltuieli | C39: =M31 -> 219548.97 | D39: =N31 -> 271091.21 | E39: =O31 -> 290291.21
